 Dungeon Crawl Stone Soup version 0.31.0-32-g396128a36d (webtiles) character file.

Game seed: 3769307479348206886

79 adizb the Digger (level 4, -1/35 HPs)
             Began as a Minotaur Earth Elementalist on Mar 19, 2024.
             Slain by a gnoll
             ... wielding a +0 spear
              (2 damage)
             ... on level 2 of the Dungeon.
             The game lasted 00:10:47 (1158 turns).

adizb the Digger (Minotaur Earth Elementalist)      Turns: 1158, Time: 00:10:48

Health: -1/35      AC:  9    Str: 12    XL:     4   Next: 16%
Magic:  3/5        EV:  5    Int: 14    God:
Gold:   93         SH:  0    Dex: 11    Spells: 2/6 levels left

rFire   . . .        k - +0 halberd
rCold   . . .        (shield currently unavailable)
rNeg    . . .        g - +0 ring mail
rPois   .            (helmet restricted)
rElec   .            (no cloak)
rCorr   .            (no gloves)
SInv    .            (no boots)
Will    .....        (no amulet)
Stlth   +            a - +4 ring of protection
HPRegen 0.25/turn    (no ring)
MPRegen 0.09/turn

%: no passive effects
@: held
A: horns 2, retaliatory headbutt
a: no special abilities


You were on level 2 of the Dungeon.
You visited 1 branch of the dungeon, and saw 3 of its levels.

You collected 93 gold pieces.

Inventory:

Hand Weapons
 f - a +1 dagger of venom
 k - a +0 halberd (weapon)
Armour
 g - a +0 ring mail (worn)
 j - a +0 chain mail
Jewellery
 a - a +4 ring of protection (left hand)
Scrolls
 c - 2 scrolls of enchant weapon
 d - a scroll of amnesia {unknown}
 h - a scroll of fog {unknown}
 i - a scroll of vulnerability {unknown}
 l - a scroll of teleportation {unknown}
Potions
 b - a potion of magic
 e - a potion of curing {unknown}


   Skills:
 + Level 1.6 Fighting
 + Level 1.5 Armour
 - Level 2.1 Dodging
 - Level 1.5 Stealth
 + Level 1.7 Spellcasting
 + Level 1.3 Conjurations
 * Level 3.1 Earth Magic


You had 2 spell levels left.
You knew the following spells:

 Your Spells              Type           Power      Damage    Failure   Level
a - Sandblast             Erth           20%        2d7       16%         1
b - Passwall              Erth           10%        N/A       41%         3

Your spell library contained the following spells:

 Spells                   Type           Power      Damage    Failure   Level
 Stone Arrow              Conj/Erth      14%        3d7       54%         3
 Dazzling Flash           Conj/Hex       6%         N/A       77%         3
 Mephitic Cloud           Conj/Alch/Air  2%         N/A       80%         3
 Brom's Barrelling Bould  Conj/Erth      7%         2d3       91%         4
 Petrify                  Alch/Erth      5%         N/A       95%         4
 Curse of Agony           Necr           1%         N/A       100%        5
 Silence                  Hex/Air        0%         N/A       100%        5


Dungeon Overview and Level Annotations

Branches:
Dungeon (3/15)

Altars:

Shops:
D:1 [(!


Innate Abilities, Weirdness & Mutations

You have a pair of horns on your head.
You reflexively headbutt those who attack you in melee.


Message History

The frilled lizard bites you but does no damage.
The hobgoblin barely misses you. You furiously retaliate!
You headbutt the hobgoblin!
You kill the hobgoblin!
The ribbon worm closely misses you.
You climb upwards.
The gnoll shouts!
There is a stone staircase leading down here.
You closely miss the frilled lizard. The frilled lizard bites you.
The ribbon worm expels a string of sticky webbing.
The stream of webbing hits you but does no damage.
You are caught in a web!
A gnoll comes into view. It is wielding a +0 spear.
The frilled lizard bites you but does no damage.
The ribbon worm bites you but does no damage.
Your magical contamination has completely faded away.
You slash the frilled lizard!
You kill the frilled lizard!
The ribbon worm completely misses you.
The gnoll hits you from afar with a +0 spear.
The gnoll completely misses you.
You hit the gnoll.
The gnoll is lightly wounded.
The gnoll hits you but does no damage.
The gnoll hits you with a +0 whip of electrocution.
You are electrocuted!
The ribbon worm barely misses you.
Okay, then.
Okay, then.
You slash the gnoll!
You headbutt the gnoll, but do no damage.
The gnoll is almost dead.
The gnoll hits you from afar with a +0 spear.
* * * LOW HITPOINT WARNING * * *
The gnoll hits you but does no damage.
You are electrocuted!
* * * LOW HITPOINT WARNING * * *
The ribbon worm expels a string of sticky webbing.
The stream of webbing hits you but does no damage.
You are caught in a web!
The gnoll hits you from afar with a +0 spear.
You die...

#..†............+
#.#######.......# #..# #.#
#.......# #..# #.#
#.......# #... #.#
#.......# # #.. #†#
######.#### .###.) #)#
#.......##..#
#.############..##g.....)#
#...†..........w@g.# #.#
#..#####################.#
#..# #...................#
...# #.###.#.#############
#.## #.# #.#.# #.#
#.###.#.# #.# #.....#.#
#.# #######.# #.< #.#


You could see a ribbon worm and 2 gnolls.

Vanquished Creatures
  2 gnolls (D:2)
  A ribbon worm (D:2)
  A dart slug (D:1)
  5 ball pythons
  3 endoplasms
  A giant cockroach (D:1)
  5 goblins
  4 hobgoblins
  5 jackals (D:1)
  8 kobolds
  2 quokkas (D:1)
  5 bats
  3 frilled lizards
  4 rats
49 creatures vanquished.

Notes
Turn   | Place    | Note
-------+----------+-------------------------------------------
     0 | D:1      | adizb the Minotaur Earth Elementalist began the quest for
                  | the Orb.
     0 | D:1      | Reached XP level 1. HP: 14/14 MP: 1/1
   197 | D:1      | Reached XP level 2. HP: 20/22 MP: 3/3
   223 | D:1      | Reached skill level 1 in Conjurations
   256 | D:1      | Reached skill level 1 in Fighting
   275 | D:1      | Found Hush's Antique Armour Shop.
   484 | D:1      | Reached XP level 3. HP: 28/28 MP: 1/4
   489 | D:1      | Reached skill level 1 in Armour
   517 | D:1      | Learned a level 3 spell: Passwall
   533 | D:1      | Found Qien's Antique Weapon Emporium.
   579 | D:1      | Found Jiemew's Distillery.
   836 | D:2      | Reached skill level 3 in Earth Magic
  1037 | D:2      | Reached XP level 4. HP: 31/35 MP: 2/5
  1128 | D:2      | You fall into a shaft and drop 1 floor!
  1158 | D:2      | HP: 1/35 [gnoll/+0 whip of electrocution (9)]
  1158 | D:2      | Slain by a gnoll

Illustrated notes

Levels and vault maps discovered:
D:1:      dpeg_arrival_rooms_b, layout_basic, serial_shops,
          nicolae_shop_pleasant_corner_grove, nicolae_shop_rolling_square,
          nicolae_shop_advertising_works [nicolae_subvault_shop_adworks]
D:2:      layout_basic, uniq_terence
D:3:      layout_basic, zin_statuary, ebering_ghost_rock_garden

Skill      XL: |  1  2  3 |
---------------+----------+-----
Conjurations   | 1 |  1.3
Fighting       | 1 |  1.6
Armour         | 1 |  1.5
Earth Magic    | 3 |  3.1
Dodging        | |  2.1
Stealth        | |  1.5
Spellcasting   | |  1.7

Action                     |  1- 3 |  4- 6 || total
---------------------------+-------+-------++-------
  Melee: Unarmed           |    20 |       ||    20
         Whip              |    19 |       ||    19
         Headbutt          |    20 |     1 ||    21
         Dagger            |    35 |       ||    35
         Punch             |     1 |       ||     1
         Halberd           |       |     4 ||     4
   Cast: Sandblast         |    28 |     5 ||    33
    Use: Scroll            |     1 |       ||     1
 Armour: Robe              |    33 |       ||    33
         Ring mail         |     9 |    10 ||    19
  Dodge: Dodged            |    63 |     5 ||    68
